AoeStats
← Barón de la Cerveza

Arabia

504384212Analyzed
1v1 RM · 29d ago on Sep 5, 2026· 21m 41s· 2 players
Game mode
Random Map
Map size
Tiny (2 player)
Population
200
Speed
Normal
Resources
Standard
Victory
Conquest
Starting age
Dark Age
Ending age
Imperial Age
RankedLock teamsTeams togetherTeam positionsShared explorationLock speedFull tech treeHidden civsTurbo modeCheats
Victory
Defeat
🇲🇽 Mongols · Mexico
2145
+4
🇲🇽 Vikings · Mexico
1783
-4
hK | Romell13
6:35 Loom
8:44 Feudal Age
8:53 Man-at-Arms
10:56 Double-Bit Axe
14:23 Fletching
20:52 Castle Age
19:01 Padded Archer Armor
18:53 Gold Mining
19:26 Horse Collar
21:29 Bodkin Arrow
20:58 Crossbowman
22:12 Bow Saw
Barón de la Cerveza
6:36 Loom
8:56 Feudal Age
11:23 Double-Bit Axe
Connection lost

Rejoining the realm…

Still unreachable

The connection could not be restored.

Session expired

The server has moved on; the page needs a fresh start.